 Dungeon Crawl Stone Soup version 0.32-a0-391-gce5c0aa (webtiles) character file.

Game seed: 12065943776603493104

315 Nithhogg the Covered (level 6, -4/53 HPs)
             Began as a Mountain Dwarf Fighter on Feb 19, 2024.
             Asphyxiated
             ... in a sewer.
             The game lasted 00:04:31 (2384 turns).

Nithhogg the Covered (Mountain Dwarf Fighter)       Turns: 2384, Time: 00:04:32

Health: -4/53      AC: 13    Str: 19 (21) XL:     6   Next: 19%
Magic:  8/8        EV:  5    Int:  7 (8)  God:
Gold:   153        SH:  4    Dex:  6 (9)  Spells: 5/5 levels left

rFire   . . .        a - +0 war axe (heavy)
rCold   . . .        c - +0 buckler
rNeg    . . .        o - +1 plate armour
rPois   .            (no helmet)
rElec   .            (no cloak)
rCorr   .            (no gloves)
SInv    .            (no boots)
Will    .....        l - amulet of faith Stlth
                     (no ring)
HPRegen 0.28/turn    (no ring)
MPRegen 0.11/turn

%: faith
@: lethally poisoned (-4 -> -31), very slow
A: runic magic, artefact enchanting, wild magic 1, inability to drink after
injury 1
a: no special abilities


You were in a sewer.
You visited 1 branch of the dungeon, and saw 5 of its levels.
You also visited: Sewer.

You collected 153 gold pieces.

Inventory:

Hand Weapons
 a - a +0 heavy war axe (weapon)
Missiles
 h - 19 stones
 m - 11 poisoned darts (quivered)
Armour
 b - a +0 scale mail
 c - a +0 buckler (worn)
 o - a +1 plate armour (worn)
Jewellery
 l - an amulet of faith (around neck)
Scrolls
 q - a scroll of brand weapon
Potions
 n - a potion of attraction


   Skills:
 + Level 4.7 Fighting
 + Level 4.4 Axes
 + Level 4.7 Armour
 - Level 3.2 Shields
 + Level 3.8 Invocations


You had 5 spell levels left.
You didn't know any spells.
Your spell library contained the following spells:

 Spells                   Type           Power      Damage    Failure   Level
 Anguish                  Hex/Necr       0%         N/A       100%        4
 Cause Fear               Hex            0%         N/A       100%        4
 Enfeeble                 Hex            0%         N/A       100%        7


Dungeon Overview and Level Annotations

Branches:
Dungeon (5/15)              Sewer (1/1)
 Temple: D:4-7

Altars:


Innate Abilities, Weirdness & Mutations

Your spellcasting is much less encumbered by armour.
You can use scrolls of enchantment on lesser artefacts.
Your spells are a little harder to cast, but a little more powerful.
You occasionally lose the ability to drink potions when taking damage.


Message History

The river rat bites you.
* * * LOW HITPOINT WARNING * * *
The river rat bites you but does no damage.
You slash the river rat!
You kill the river rat!
You start resting.
A kobold brigand is nearby!
An endoplasm and a kobold brigand come into view.
The kobold brigand is wielding a +0 short sword and quivering poisoned darts.
The kobold brigand shouts!
The air fills with toxic fumes!
As you read the scroll of poison, it crumbles to dust.
The kobold brigand throws a poisoned dart.
The poisoned dart hits you!
You are lethally poisoned!
You aren't carrying any items that you can evoke.
Throw: 13 darts (poison)
Press: ? - help, Q - select action, (/) - cycle Shift-Dir - straight line, f/p - kobold brigand
Aim: a kobold brigand, wielding a +0 short sword and quivering curare-tipped darts (lightly wounded, 40% to hit)
You throw a poisoned dart.
The poisoned dart barely misses the kobold brigand.
* * * LOW HITPOINT WARNING * * *
You feel very sick.
The kobold brigand throws a poisoned dart.
The poisoned dart barely misses you.
Throw: 12 darts (poison)
Press: ? - help, Q - select action, (/) - cycle Shift-Dir - straight line, f/p - kobold brigand
Aim: a kobold brigand, wielding a +0 short sword and quivering curare-tipped darts (lightly wounded, 40% to hit)
You throw a poisoned dart.
The poisoned dart closely misses the kobold brigand.
* * * LOW HITPOINT WARNING * * *
You feel sick.
The kobold brigand throws a poisoned dart.
The poisoned dart hits you!
You are more poisoned.
The kobold brigand throws a curare-tipped dart.
The curare-tipped dart hits you.
You are more poisoned.
You have difficulty breathing.
You die...

#~###~# #~~.~.# ##~~~##
#.~~# #.~.# #...## ###
#.~.~## §~§J§#####
#.~~..###
#§§§@.########~~~~~~~
§K§§§###§§§§§.§####.~~~~
### #K§§§§§~.# ##~..~
.~~~~###§§§§§§~.####...~
#~K~~§####§§~.##..~.~
.~~~.##### ##§.~~~...~~
### ##~~.~~....
#~.~.~...∩ #~~~~.....


You could see 2 kobold brigands and an endoplasm.

Vanquished Creatures
  2 kobold brigands (Sewer)
  A hound (D:5)
  An iguana (D:5)
  2 adders
  2 river rats (Sewer)
  A ribbon worm (Sewer)
  A dart slug (D:3)
  An orc (D:4)
  4 endoplasms
  5 giant cockroaches
  A goblin (D:1)
  5 hobgoblins
  5 kobolds
  3 quokkas (D:3)
  5 ball pythons
  3 frilled lizards
  5 rats
47 creatures vanquished.

Notes
Turn   | Place    | Note
-------+----------+-------------------------------------------
     0 | D:1      | Nithhogg the Mountain Dwarf Fighter began the quest for the
                  | Orb.
     0 | D:1      | Reached XP level 1. HP: 19/19 MP: 1/1
   245 | D:1      | Reached skill level 1 in Invocations
   245 | D:1      | Reached XP level 2. HP: 26/26 MP: 2/2
   933 | D:2      | Reached XP level 3. HP: 19/33 MP: 4/4
  1398 | D:3      | You fall into a shaft and drop 2 floors!
  1398 | D:5      | Entered Level 5 of the Dungeon
  1410 | D:5      | Reached XP level 4. HP: 40/40 MP: 5/5
  1795 | D:3      | Found a glowing drain.
  1808 | Sewer    | Entered a sewer
  1834 | Sewer    | Noticed a kobold brigand
  1862 | Sewer    | Killed a kobold brigand
  1863 | Sewer    | Reached XP level 5. HP: 9/47 MP: 7/7
  2145 | Sewer    | Reached XP level 6. HP: 20/53 MP: 8/8
  2370 | Sewer    | Gained mutation: You occasionally lose the ability to drink
                  | potions when taking damage. [potion of mutation]
  2370 | Sewer    | Gained mutation: Your spells are a little harder to cast,
                  | but a little more powerful. [potion of mutation]
  2384 | Sewer    | Asphyxiated

Illustrated notes

Levels and vault maps discovered:
D:1:      dpeg_arrival_ternary, layout_basic
D:2:      layout_loops_ring
D:3:      layout_basic, gup_sewer_entry_pipe, st_stairs_7
D:4:      layout_basic, general_overflow_altar, mainiacjoe_overflow_paths
D:5:      layout_loops_ring, minmay_temple_entry_glass, st_stairs_14,
          hangedman_decor_growths, minmay_shop_damaged, uniq_eustachio
Sewer:    sewer_co_tree

Skill      XL: |  1  2  3  4 |
---------------+-------------+-----
Invocations    | 1 2 3 |  3.8
Axes           | 3 4 |  4.4
Armour         | 4 |  4.7
Fighting       | 4 |  4.7
Shields        | |  3.2

Action                     |  1- 3 |  4- 6 || total
---------------------------+-------+-------++-------
  Melee: War axe           |    64 |    77 ||   141
  Throw: Stone             |       |     3 ||     3
         Dart              |       |     2 ||     2
    Use: Scroll            |     6 |     3 ||     9
         Potion            |       |     9 ||     9
 Armour: Scale mail        |    33 |       ||    33
         Plate armour      |    11 |   104 ||   115
         Skin              |       |     5 ||     5
  Dodge: Dodged            |    22 |    40 ||    62
  Block: Buckler           |     7 |    18 ||    25

Table legend: (Time is in decaauts)
 A = Elapsed time spent in this place.
 B = Non-inter-level travel time spent in this place.
 C = Inter-level travel time spent in this place.
 D = Time resting spent in this place.
 E = Time spent auto-exploring this place.
 F = Levels seen in this place.
 G = Mean time per level.
                   A        B        C        D        E       F      G
               +--------+--------+--------+--------+--------+-----+--------+
         Total |   2536 |   2488 |     48 |    268 |   1522 |   6 |  422.7 |
       Dungeon |   1870 |   1822 |     48 |    100 |   1197 |   5 |  374.0 |
         Sewer |    666 |    666 |      0 |    168 |    325 |   1 |  666.0 |
               +--------+--------+--------+--------+--------+-----+--------+

Top non-repeatable levels by time:
   Sewer: 666 daAuts
     D:2: 647 daAuts
     D:1: 569 daAuts
     D:3: 488 daAuts
     D:5: 88 daAuts
     D:4: 77 daAuts
